 Dungeon Crawl Stone Soup version 0.18.1-8-gdd0e5ea (webtiles) character file.

75 manyhoops the Firebug (level 3, -4/26 HPs)
             Began as a Demigod Fire Elementalist on June 7, 2016.
             Slain by an orc priest
             ... wielding a +0 hand axe
              (5 damage)
             ... on level 2 of the Dungeon.
             The game lasted 00:04:02 (1921 turns).

manyhoops the Firebug (Demigod Fire Elementalist)   Turns: 1921, Time: 00:04:04

Health: -4/26      AC:  3    Str: 11    XL:     3   Next: 88%
Magic:  1/9        EV: 12    Int: 21    God:
Gold:   105        SH:  0    Dex: 16    Spells: 3 memorised, 1 level left

rFire  + . .     SeeInvis .     f - +0 hand axe (flame)
rCold  . . .     Gourm    .     a - +0 robe
rNeg   . . .     Faith    .     (no shield)
rPois  .         Spirit   .     (no helmet)
rElec  .         Dismiss  .     j - +0 cloak (curse)
rCorr  .         Reflect  .     (no gloves)
SustAt +         Harm     .     (no boots)
MR     .....                    (no amulet)
Stlth  ++........               (no ring)
                                i - ring of protection from fire

@: not resistant to hostile enchantments, unstealthy
A: high mp 1, sustain attributes
a: no special abilities


You were on level 2 of the Dungeon.
You were not hungry.

You visited 1 branch of the dungeon, and saw 3 of its levels.

You collected 105 gold pieces.

Inventory:

Hand Weapons
 f - a +0 hand axe of flaming (weapon)
Armour
 a - a +0 robe (worn)
 j - a cursed +0 cloak (worn)
Jewellery
 i - a ring of protection from fire (left hand)
 v - an uncursed ring of protection from cold {unknown}
Scrolls
 e - a scroll of immolation {unknown}
 g - a scroll of magic mapping {unknown}
 m - a scroll of fear {unknown}
 n - 3 scrolls of enchant armour {unknown}
 p - a scroll of identify {unknown}
 q - a scroll of remove curse {unknown}
 r - 2 scrolls of noise
Potions
 d - a potion of ambrosia {unknown}
 h - 2 potions of degeneration {unknown}
 k - a potion of brilliance {unknown}
 l - a potion of flight {unknown}
 t - a potion of curing {unknown}
Books
 b - a book of Flames

   Spells                             Type                      Level
   a - Flame Tongue                   Conjuration/Fire             1
   b - Throw Flame                    Conjuration/Fire             2
   c - Conjure Flame                  Conjuration/Fire             3
   d - Inner Flame                    Hexes/Fire                   3
   e - Sticky Flame                   Conjuration/Fire             4
   f - Fireball                       Conjuration/Fire             5
Comestibles
 c - 2 bread rations
 o - a slice of pizza
 s - a meat ration


   Skills:
 - Level 2.0 Dodging
 - Level 1.9 Stealth
 + Level 2.5 Spellcasting
 + Level 1.3 Conjurations
 + Level 3.6 Fire Magic


You had one spell level left.
You knew the following spells:

 Your Spells              Type           Power        Failure   Level  Hunger
a - Flame Tongue          Conj/Fire      ##...        6%          1    None
b - Throw Flame           Conj/Fire      ##....       10%         2    ##.....
c - Conjure Flame         Conj/Fire      ##......     17%         3    ###....


Dungeon Overview and Level Annotations

Branches:
Dungeon (3/15)


Innate Abilities, Weirdness & Mutations

You have an increased reservoir of magic (+10% MP).
Your attributes are resistant to harm.


Message History

The orc priest mumbles some strange prayers to Beogh against you.
Beogh smites you!
Casting: Flame Tongue
Confirm with . or Enter, or press ? or * to list all spells.
Aiming: Flame Tongue
Press: ? - help, Shift-Dir - straight line, f/p - orc priest
Aim: an orc priest, wielding a hand axe and wearing a scale mail (heavily wounded)
The flame tongue hits the orc priest.
The orc priest is heavily wounded.
The orc priest hits you with a hand axe.
You barely miss the orc priest.
The orc priest is heavily wounded.
The orc priest casts a cantrip, but nothing happens.
You closely miss the orc priest.
The orc priest is heavily wounded.
The orc priest mumbles some strange prayers to Beogh against you.
Beogh smites you!
* * * LOW HITPOINT WARNING * * *
The orc priest hits you with a hand axe.
You die...

..## #..............# ...##
#..............# ....#
#..............# ....#
##............## ....#
##..........## ....#
######.#..## ....# ##.##.#
...## ###o.##.## ....#
#..@###..# #### ....## #.###
##.#### ##... .....# #.#
#....####..## .....# ##.#
####......### .....### #..#
##...#####.. ...#...# #.##
####.....# #.. ..####>#
#.#####....###.## #.. .)#
#.######.......######..###..
..# #......#.#######
#....##..


You could see an orc priest.

Vanquished Creatures
  3 adders
  3 dart slugs (D:1)
  A giant gecko (D:2)
  3 giant cockroaches
  10 goblins
  2 hobgoblins
  3 jackals (D:1)
  A ball python (D:3)
  5 bats (D:1)
  2 giant newts
  5 kobolds
  2 rats
40 creatures vanquished.

Notes
Turn   | Place    | Note
--------------------------------------------------------------
     0 | D:1      | manyhoops the Demigod Fire Elementalist began the quest for the Orb.
     0 | D:1      | Reached XP level 1. HP: 14/14 MP: 5/5
   305 | D:1      | Reached skill level 3 in Fire Magic
   305 | D:1      | Reached XP level 2. HP: 13/20 MP: 4/7
   337 | D:1      | Learned a level 2 spell: Throw Flame
   788 | D:1      | Reached skill level 1 in Conjurations
  1091 | D:2      | Reached XP level 3. HP: 26/26 MP: 1/8
  1156 | D:2      | Learned a level 3 spell: Conjure Flame
  1896 | D:3      | Found a shattered altar of Ashenzari.
  1921 | D:2      | HP: 1/26 [orc priest/divine providence (8)]
  1921 | D:2      | Slain by an orc priest

Skill      XL: |  1  2 |
---------------+-------+-----
Dodging        | 2 |  2.0
Fire Magic     | 3 |  3.6
Conjurations   | 1 |  1.3
Spellcasting   | 2 |  2.5
Stealth        | |  1.9

Action                   || total
-------------------------++-------
Melee: Unarmed           ||    14
       Hand axe          ||    42
 Cast: Flame Tongue      ||    40
       Throw Flame       ||    23
  Use: Scroll            ||     1
 Stab: Sleeping          ||     1
  Eat: Chunk             ||     5
Armor: Robe              ||    30
Dodge: Dodged            ||    76
